 Dungeon Crawl Stone Soup version 0.25-b1-23-ge2ad7d536c (webtiles) character file.

Game seed: 2708659512467861885, levelgen mode: deterministic

3339 inmateoo the Cleaver (level 9, -1/79 HPs)
             Began as a Minotaur Fighter on June 2, 2020.
             Was a Priest of Okawaru.
             Slain by a killer bee (3 damage)
             ... on level 9 of the Dungeon.
             The game lasted 00:08:29 (5930 turns).

inmateoo the Cleaver (Minotaur Fighter)             Turns: 5930, Time: 00:08:30

Health: -1/79      AC: 10    Str: 24    XL:     9   Next: 72%
Magic:  19/19      EV:  8    Int:  5    God:    Okawaru [***...]
Gold:   324        SH: 11    Dex: 10    Spells: 8/8 levels left

rFire    . . .     SeeInvis .   u - +2 falchion (elec)
rCold    . . .     Gourm    .   c - +0 kite shield
rNeg     + . .     Faith    .   b - +0 scale mail
rPois    .         Spirit   .   (helmet restricted)
rElec    .         Reflect  .   r - +0 cloak
rCorr    .         Harm     .   y - +0 pair of gloves
MR       .....                  (no boots)
Stlth    ..........             (no amulet)
HPRegen  0.23/turn              e - ring of magical power
MPRegen  0.16/turn              q - ring of positive energy

@: lethally poisoned (-1 -> -2), berserk cooldown, slowed, very slow
A: retaliatory headbutt, horns 2
a: Heroism, Renounce Religion


You were on level 9 of the Dungeon.
You worshipped Okawaru.
Okawaru was most pleased with you.
You were near starving.

You visited 2 branches of the dungeon, and saw 8 of its levels.

You collected 324 gold pieces.

Inventory:

Hand Weapons
 a - a +0 war axe of flaming
 p - a +0 dagger of venom
 u - a +2 falchion of electrocution (weapon)
Armour
 b - a +0 scale mail (worn)
 c - a +0 kite shield (worn)
 r - a +0 cloak (worn)
 y - a +0 pair of gloves (worn)
Jewellery
 e - a ring of magical power (left hand)
 q - a ring of positive energy (right hand)
Scrolls
 i - a scroll of enchant weapon {unknown}
 j - 2 scrolls of identify
 k - a scroll of magic mapping
 n - 2 scrolls of amnesia
 o - 4 scrolls of remove curse
Potions
 d - a potion of might
 g - a potion of stabbing
 h - 3 potions of brilliance {unknown}
 l - 2 potions of magic {unknown}
 m - 2 potions of lignification {unknown}
 s - a potion of cancellation
 t - a potion of curing
 v - a potion of resistance
 x - a potion of haste
 z - a potion of heal wounds
Comestibles
 f - 15 rations


   Skills:
 + Level 7.5 Fighting
 - Level 5.0 Long Blades
 * Level 9.8 Axes
 + Level 7.5 Armour
 + Level 7.7 Shields
 + Level 3.8 Invocations


You had 8 spell levels left.
You didn't know any spells.
Your spell library contained the following spells:

 Spells                   Type           Power        Failure   Level  Hunger
 Animate Skeleton         Necr           N/A          97%         1    ##.....
 Apportation              Tloc           #.....       97%         1    ##.....
 Corona                   Hex            #......      97%         1    ##.....
 Summon Small Mammal      Summ           #...         97%         1    ##.....


Dungeon Overview and Level Annotations

Branches:
Dungeon (6/15)             Temple (1/1) D:5            Lair (0/6) D:9

Altars:
Cheibriados
Dithmenos
Elyvilon
Fedhas
Gozag
Hepliaklqana
Makhleb
Nemelex Xobeh
Okawaru
Qazlal
Sif Muna
Trog
Uskayaw
Vehumet
Wu Jian
Xom
Zin
The Shining One

Shops:
D:5 ?=   D:9 (


Innate Abilities, Weirdness & Mutations

You reflexively headbutt those who attack you in melee.
You have a pair of horns on your head.


Message History

The killer bee stings you but does no damage.
You block the killer bee's attack.
The killer bee stings you but does no damage.
The killer bee barely misses you.
You riposte.
You hit the killer bee.
The killer bee is moderately wounded.
Unknown command.
You slash the killer bee! Your headbutt misses the killer bee.
The killer bee is almost dead.
You block the killer bee's attack. The killer bee closely misses you.
You riposte.
You miss the killer bee.
The killer bee is almost dead.
You block the killer bee's attack.
The killer bee stings you but does no damage. x3
The killer bee misses you. The killer bee stings you.
* * * LOW HITPOINT WARNING * * *
The killer bee closely misses you.
You riposte.
You closely miss the killer bee. The killer bee stings you!
* * * LOW HITPOINT WARNING * * *
The killer bee stings you.
You die...

#. .. #.# . #. #T
#.......###.. ♣♣# #
..........#. # ♣♣.#
#...........###.# ♣..#
.....##.y..#.#.#####..#
...y...#..y@y....# ♣.## .....
###yy####.♣♣♣..## # ####..#
#.y# ##..♣....## # #.....#
##h###....♣....###♣
#.....##### #..##...♣.♣....#.♣
##..#.....###......##..♣....♣.
#####.....##.#.##.##.♣.♣..♣♣♣
##..#.....†.......###♣♣.♣♣†.♣
#.........##..†.......♣♣♣....


You could see a black bear (slow) and 6 killer bees.

Vanquished Creatures
  Pikel (D:4)
  Duvessa (D:4)
  A water moccasin (D:9)
  2 black bears
  An orc warrior (D:9)
  3 ogres
  A crocodile (D:9)
  Dowan (D:4)
  A wyvern skeleton (D:9)
  29 killer bees (D:9)
  4 crimson imps
  3 orc priests (D:4)
  2 hounds (D:6)
  2 orc wizards (D:6)
  A bullfrog skeleton (D:4)
  2 worker ants
  A hound skeleton (D:6)
  A worker ant zombie (D:6)
  2 howler monkey skeletons
  11 adders
  5 river rats (D:4)
  A shadow imp (D:2)
  An ooze (D:5)
  5 worms
  2 leopard geckos
  24 orcs
  9 bats
  3 giant cockroaches
  7 goblins
  9 hobgoblins
  4 jackals (D:1)
  2 quokkas
  3 ball pythons
  2 frilled lizards
  7 kobolds
  A leopard gecko skeleton (D:9)
  9 rats
164 creatures vanquished.

Vanquished Creatures (collateral kills)
  A killer bee (D:9)
  An iguana (D:9)
  2 orcs (D:9)
4 creatures vanquished.

Vanquished Creatures (others)
  A slave (D:4)
  A scorpion (D:9)
  2 killer bees (D:9)
  A worker ant (D:4)
5 creatures vanquished.

Grand Total: 173 creatures vanquished

Notes
Turn   | Place    | Note
-------+----------+-------------------------------------------
     0 | D:1      | inmateoo the Minotaur Fighter began the quest for the Orb.
     0 | D:1      | Reached XP level 1. HP: 19/19 MP: 0/0
   141 | D:1      | Reached XP level 2. HP: 22/27 MP: 1/1
   180 | D:1      | Reached skill level 3 in Axes
   427 | D:1      | Reached XP level 3. HP: 32/33 MP: 2/2
   578 | D:1      | Found a radiant altar of Vehumet.
   580 | D:1      | Found a shimmering altar of Xom.
   580 | D:1      | Found a basalt altar of Yredelemnul.
   582 | D:1      | Found a blossoming altar of Fedhas.
   582 | D:1      | Found a hazy altar of Hepliaklqana.
   582 | D:1      | Found a bloodstained altar of Trog.
   880 | D:2      | You fall into a shaft and drop 1 floor!
  1126 | D:2      | Reached XP level 4. HP: 40/40 MP: 3/3
  1322 | D:2      | Reached skill level 4 in Axes
  1487 | D:2      | Found a shadowy altar of Dithmenos.
  2456 | D:3      | Reached XP level 5. HP: 45/47 MP: 4/4
  2749 | D:4      | Noticed a slave
  2749 | D:4      | Noticed Pikel
  2750 | D:4      | Noticed a slave
  2750 | D:4      | Noticed a slave
  2750 | D:4      | Noticed a slave
  2762 | D:4      | Killed Pikel
  2762 | D:4      | Reached skill level 5 in Fighting
  2762 | D:4      | Reached skill level 6 in Axes
  2762 | D:4      | Reached skill level 5 in Armour
  2762 | D:4      | Reached skill level 5 in Shields
  2762 | D:4      | Reached XP level 6. HP: 42/56 MP: 5/5
  2762 | D:4      | Reached XP level 7. HP: 46/61 MP: 6/6
  2971 | D:4      | HP: 2/62 [orc priest/nerve-wracking pain (6)]
  2978 | D:4      | Reached skill level 1 in Long Blades
  3243 | D:4      | You fall into a shaft and drop 1 floor!
  3243 | D:5      | Entered Level 5 of the Dungeon
  3250 | D:5      | Found Feesoesa's Jewellery Shoppe.
  3296 | D:5      | Reached skill level 7 in Axes
  3355 | D:5      | Found a staircase to the Ecumenical Temple.
  3373 | Temple   | Entered the Ecumenical Temple
  3422 | Temple   | Became a worshipper of Warmaster Okawaru
  3810 | D:4      | Found a glowing silver altar of Zin.
  3851 | D:4      | Noticed Dowan
  3853 | D:4      | Noticed Duvessa
  3858 | D:4      | Killed Duvessa
  3858 | D:4      | Reached XP level 8. HP: 65/70 MP: 7/7
  3862 | D:4      | Killed Dowan
  3862 | D:4      | Reached skill level 1 in Invocations
  3960 | D:3      | Found a hide-covered altar of Uskayaw.
  4381 | D:5      | Found Gooriek's Magic Scroll Shop.
  4569 | D:5      | Found a shimmering blue altar of Sif Muna.
  5090 | D:6      | Reached * piety under Okawaru
  5237 | D:6      | Reached skill level 8 in Axes
  5298 | D:6      | Found a burning altar of Makhleb.
  5433 | D:6      | You fall into a shaft and drop 3 floors!
  5433 | D:9      | Noticed a troll
  5433 | D:9      | Noticed a troll
  5438 | D:9      | Found Plog's Weapon Boutique.
  5438 | D:9      | Found a staircase to the Lair.
  5450 | D:9      | Reached XP level 9. HP: 71/78 MP: 9/9
  5453 | D:9      | Reached skill level 5 in Long Blades
  5454 | D:9      | Reached ** piety under Okawaru
  5460 | D:9      | Reached skill level 9 in Axes
  5483 | D:9      | Reached *** piety under Okawaru
  5808 | D:9      | Found an opulent altar of Gozag.
  5930 | D:9      | HP: 2/79 [killer bee (8)]
  5930 | D:9      | Slain by a killer bee

Illustrated notes

Levels and vault maps discovered:
D:1:      eino_arrival_cavern_e, layout_rooms, doesnt_xom_only_xom
D:2:      layout_basic, old_standard_altar, first_ration
D:3:      lemuel_upstairs_altar, layout_loops_cross
D:4:      layout_basic, zin_academy, portal_sewer_entry_e, uniq_duvessa,
          uniq_pikel
D:5:      layout_loops_ring, lemuel_crystal_altar,
          minmay_temple_entry_offerings, serial_shops, nicolae_shop_trees, shop
D:6:      layout_basic, basic_altar, minmay_manual_mandibuliform
D:9:      wad_woods_minihive, layout_cave_pools, kennysheep_mini,
          nicolae_ru_sacrificial_ziggurat, lair_entry_dummy, serial_shops, shop,
          uniq_maurice
Temple:   nicolae_temple_elliptical

Skill      XL: |  1  2  3  4  5  6  7  8  9 |
---------------+----------------------------+-----
Axes           | 3 4 6 7 8 9 |  9.8
Shields        | 4 5 6 7 |  7.7
Armour         | 4 5 6 7 |  7.5
Fighting       | 4 5 6 7 |  7.5
Long Blades    | 2 4 5 |  5.0
Invocations    | 2 3 |  3.8

Action                   |  1- 3 |  4- 6 |  7- 9 || total
-------------------------+-------+-------+-------++-------
Melee: War axe           |    99 |    82 |       ||   181
       Headbutt          |    10 |    11 |    40 ||    61
       Falchion          |       |    10 |   191 ||   201
Evoke: Wand              |       |       |     2 ||     2
  Use: Potion            |       |       |     7 ||     7
       Scroll            |       |       |    14 ||    14
 Stab: Distracted        |       |       |     1 ||     1
       Confused          |       |       |     1 ||     1
  Eat: Chunk             |     1 |     5 |     5 ||    11
       Ration            |       |       |     1 ||     1
Armor: Scale mail        |    53 |    44 |    90 ||   187
Dodge: Dodged            |    36 |    28 |    90 ||   154
Block: Kite shield       |    60 |    55 |   145 ||   260
       Rpst.: Falchion   |       |     1 |    23 ||    24
